 Dungeon Crawl Stone Soup version 0.23.2-40-g277498a001 (webtiles) character file.

Game seed: 1028544908678853845

1244 Exodus22XD the Conjurer (level 8, 0/41 HPs)
             Began as a Deep Elf Wizard on Aug 27, 2019.
             Slain by an orc (4 damage)
             ... on level 6 of the Dungeon.
             The game lasted 00:33:21 (5764 turns).

Exodus22XD the Conjurer (Deep Elf Wizard)           Turns: 5764, Time: 00:33:22

Health: 0/41       AC:  4    Str:  4    XL:     8   Next: 25%
Magic:  1/19       EV: 13    Int: 26    God:
Gold:   311        SH:  0    Dex: 13    Spells: 5/19 levels left

rFire    . . .     SeeInvis .   l - staff of energy
rCold    . . .     Gourm    .   (no shield)
rNeg     + . .     Faith    .   a - +0 robe
rPois    .         Spirit   .   b - +0 hat
rElec    .         Reflect  .   (no cloak)
rCorr    .         Harm     .   j - +1 pair of gloves
MR       .....                  (no boots)
Stlth    ++........             (no amulet)
HPRegen  0.13/turn              x - ring of positive energy
MPRegen  0.16/turn              o - ring of flight

@: no status effects
A: no striking features
a: Evoke Flight


You were on level 6 of the Dungeon.
You were not hungry.

You visited 1 branch of the dungeon, and saw 6 of its levels.

You collected 311 gold pieces.

Inventory:

Hand Weapons
 m - a +0 hand axe
Armour
 a - a +0 robe (worn)
 b - a +0 hat (worn)
 j - a +1 pair of gloves (worn)
Magical Staves
 l - an uncursed staff of energy (weapon)
Jewellery
 o - a ring of flight (right hand)
 q - an uncursed ring of positive energy
 x - a ring of positive energy (left hand)
Wands
 y - a wand of random effects (26)
 A - a wand of flame (11)
Scrolls
 c - 8 scrolls of remove curse
 n - 2 scrolls of immolation
 r - a scroll of fog
 u - 3 scrolls of blinking {unknown}
 v - a scroll of teleportation {unknown}
Potions
 f - a potion of resistance
 g - a potion of lignification
 h - 2 potions of brilliance
 i - 3 potions of curing {unknown}
 k - 3 potions of heal wounds {unknown}
 p - a potion of degeneration {unknown}
 s - 3 potions of flight {unknown}
 t - a potion of cancellation {unknown}
 w - a potion of agility {unknown}
Comestibles
 d - 11 rations


   Skills:
 - Level 2.4 Dodging
 - Level 2.4 Stealth
 - Level 6.0 Spellcasting
 - Level 7.0 Conjurations
 - Level 5.0 Hexes
 - Level 3.3 Summonings
 - Level 1.1 Translocations
 * Level 4.3 Fire Magic
 - Level 2.1 Poison Magic


You had 5 spell levels left.
You knew the following spells:

 Your Spells              Type           Power        Failure   Level  Hunger
a - Magic Dart            Conj           ####         1%          1    None
b - Call Imp              Summ           ####....     2%          2    None
c - Blink                 Tloc           N/A          7%          2    None
d - Conjure Flame         Conj/Fire      #####...     1%          3    None
e - Mephitic Cloud        Conj/Pois/Air  ###.....     6%          3    None
f - Confuse               Hex            ####....     2%          3    None

Your spell library contained the following spells:

 Spells                   Type           Power        Failure   Level  Hunger
 Corona                   Hex            ####...      1%          1    None
 Slow                     Hex            ####....     1%          2    None
 Dazzling Spray           Conj/Hex       #####.       1%          3    None
 Tukima's Dance           Hex            ####....     2%          3    None
 Ensorcelled Hibernation  Hex/Ice        ###...       3%          2    None


Dungeon Overview and Level Annotations

Branches:
Dungeon (6/15)
 Temple: D:4-7

Altars:
Elyvilon
Sif Muna
Trog


Message History

Press: ? - help, Shift-Dir - straight line, f/p - orc priest
Aim: an orc priest, wielding a +0 falchion and wearing a +0 leather armour (severely wounded, confused)
The magic dart hits the orc priest!
You kill the orc priest!
Your crimson imp blinks!
What are your orders? t - Shout!
Orders for allies: a - Attack new target. r - Retreat! s - Stop attacking. g - Guard the area. f - Follow me.
Anything else - Cancel.
Gang up on whom?
Press: ? - help, Dir - move target cursor, f - orc
Aim: an orc, wearing a +0 leather armour Attack!
The orc hits you.
* * * LOW HITPOINT WARNING * * *
Your crimson imp blinks!
The orc hits you.
You die...

#.....#.................
####..#....#.........(..
#..#....#............
#..#...>.............
######.##............
#...............
####.............
####..^...5.........
#..@§...............
#.o5................
#..)................
####'###............ #.#
#........ #.###........
#..†)........
####........ #'#'#####


You could see an orc and 2 friendly crimson imps.

Vanquished Creatures
  Eustachio (D:6)
  An ice beast (D:6)
  2 sky beasts (D:6)
  A bullfrog (D:6)
  A scorpion (D:6)
  3 jellies (D:6)
  A hound (D:4)
  3 orc priests (D:6)
  A bullfrog skeleton (D:5)
  6 worker ants
  3 hound skeletons
  A worker ant zombie (D:5)
  10 adders
  2 oozes (D:1)
  An adder zombie (D:6)
  2 worms (D:2)
  3 leopard geckos
  8 orcs
  4 ball pythons
  3 giant cockroaches
  10 hobgoblins
  2 jackals (D:3)
  6 quokkas
  7 bats
  9 frilled lizards
  10 goblins
  7 kobolds
  A leopard gecko skeleton (D:6)
  9 rats
118 creatures vanquished.

Vanquished Creatures (collateral kills)
  A scorpion (D:4)
  A howler monkey (D:6)
  An iguana (D:5)
  A worker ant (D:4)
  A worm (D:2)
  An orc (D:6)
  A giant cockroach (D:3)
  A jackal (D:3)
  A frilled lizard (D:2)
9 creatures vanquished.

Grand Total: 127 creatures vanquished

Notes
Turn   | Place    | Note
-------+----------+-------------------------------------------
     0 | D:1      | Exodus22XD the Deep Elf Wizard began the quest for the Orb.
     0 | D:1      | Reached XP level 1. HP: 10/10 MP: 7/7
   172 | D:1      | Reached skill level 2 in Conjurations
   224 | D:1      | Reached XP level 2. HP: 15/15 MP: 7/9
   240 | D:1      | Learned a level 2 spell: Call Imp
   364 | D:1      | Reached skill level 3 in Conjurations
   483 | D:1      | Reached XP level 3. HP: 19/19 MP: 4/10
   487 | D:1      | Learned a level 2 spell: Blink
   491 | D:1      | Learned a level 3 spell: Conjure Flame
   851 | D:2      | Found a bloodstained altar of Trog.
  1101 | D:2      | Reached XP level 4. HP: 24/24 MP: 7/12
  1670 | D:3      | Reached skill level 1 in Fire Magic
  1879 | D:3      | Learned a level 3 spell: Mephitic Cloud
  2537 | D:3      | Reached XP level 5. HP: 28/28 MP: 8/13
  3021 | D:4      | Reached skill level 4 in Conjurations
  3195 | D:4      | Reached XP level 6. HP: 32/32 MP: 5/14
  3264 | D:4      | Reached skill level 5 in Conjurations
  3514 | D:5      | Entered Level 5 of the Dungeon
  3655 | D:5      | Found a white marble altar of Elyvilon.
  3669 | D:5      | Reached skill level 1 in Poison Magic
  4507 | D:6      | Noticed Eustachio
  4515 | D:6      | Killed Eustachio
  4515 | D:6      | Reached XP level 7. HP: 35/36 MP: 8/18
  4664 | D:6      | Reached skill level 6 in Conjurations
  4669 | D:6      | Learned a level 3 spell: Confuse
  4746 | D:6      | Found a deep blue altar of Sif Muna.
  4912 | D:6      | Reached skill level 5 in Hexes
  5254 | D:6      | Reached XP level 8. HP: 41/41 MP: 12/19
  5309 | D:6      | Reached skill level 7 in Conjurations
  5764 | D:6      | Slain by an orc

Skill      XL: |  1  2  3  4  5  6  7  8 |
---------------+-------------------------+-----
Conjurations   | 2 3 4 5 6 7 |  7.0
Summonings     | 2 3 |  3.3
Fire Magic     | 2 3 4 |  4.3
Poison Magic   | 2 |  2.1
Spellcasting   | 6 |  6.0
Hexes          | 5 |  5.0
Dodging        | |  2.4
Stealth        | |  2.4
Translocations | |  1.1

Action                   |  1- 3 |  4- 6 |  7- 9 || total
-------------------------+-------+-------+-------++-------
Melee: Hand axe          |     2 |     1 |       ||     3
       Staff             |       |     5 |    13 ||    18
 Cast: Magic Dart        |    72 |   150 |    80 ||   302
       Call Imp          |     2 |    10 |    11 ||    23
       Conjure Flame     |     1 |    10 |     5 ||    16
       Mephitic Cloud    |       |     8 |     4 ||    12
       Confuse           |       |       |     5 ||     5
Evoke: Staff of energy   |       |     4 |    16 ||    20
  Use: Scroll            |     1 |     6 |       ||     7
 Stab: Confused          |       |       |     1 ||     1
  Eat: Chunk             |       |    10 |     3 ||    13
       Ration            |       |       |     1 ||     1
Armor: Robe              |     2 |     6 |    20 ||    28
Dodge: Dodged            |     3 |    36 |    41 ||    80
